 Dungeon Crawl Stone Soup version 0.29-a0-490-g77b3608bb8 (webtiles) character file.

Game seed: 10338082383779103457

9 purpskrrrp the Slasher (level 2, -2/36 HPs)
             Began as a Human Berserker on May 26, 2022.
             Was a Follower of Trog.
             Succumbed to a kobold's poison
             ... on level 1 of the Dungeon.
             The game lasted 00:02:18 (412 turns).

purpskrrrp the Slasher (Human Berserker)             Turns: 412, Time: 00:02:19

Health: -2/36      AC:  2    Str: 17    XL:     2   Next: 20%
Magic:  2/2        EV: 12    Int:  7    God:    Trog [*.....]
Gold:   7          SH:  0    Dex: 12    Spells: 1/1 levels left

rFire   . . .      SeeInvis .   a - +0 falchion
rCold   . . .      Faith    .   (no shield)
rNeg    . . .      Spirit   .   b - +0 animal skin
rPois   .          Reflect  .   (no helmet)
rElec   .          Harm     .   (no cloak)
rCorr   .          Rampage  .   (no gloves)
Will    .....                   (no boots)
Stlth   ..........              (no amulet)
HPRegen 0.12/turn               (no ring)
MPRegen 0.08/turn               (no ring)

@: berserking (expiring), lethally poisoned (-2 -> -18), very quick
A: no striking features
a: Renounce Religion, Berserk


You were on level 1 of the Dungeon.
You worshipped Trog.
Trog was aware of your devotion.
You visited 1 branch of the dungeon, and saw 1 of its levels.

You collected 7 gold pieces.

Inventory:

Hand Weapons
 a - a +0 falchion (weapon)
 d - a +0 hunting sling
Armour
 b - a +0 animal skin (worn)
Scrolls
 c - a scroll of identify {unknown}


   Skills:
 + Level 3.1 Fighting
 + Level 3.3 Long Blades
 + Level 2.0 Armour
 + Level 2.0 Dodging


You had one spell level left.
You didn't know any spells.
Your spell library was empty.

Dungeon Overview and Level Annotations

Branches:
Dungeon (1/15)

Altars:


Message History

A red film seems to cover your vision as you go berserk!
You feel yourself moving faster!
You feel mighty! The kobold barely misses you.
You closely miss the kobold. You closely miss the kobold.
A jackal comes into view.
A frilled lizard comes into view.
The kobold hits you with a +0 club.
The frilled lizard hisses angrily.
You slash the kobold!
You kill the kobold!
Trog accepts your kill.
An endoplasm comes into view.
The kobold hits you with a +1 whip of venom.
You are poisoned.
You hit the jackal.
The jackal is moderately wounded.
You feel sick. The jackal closely misses you.
The kobold hits you with a +1 whip of venom.
You are more poisoned.
You completely miss the jackal.
You feel very sick. The jackal closely misses you.
You closely miss the jackal.
You feel sick. The jackal closely misses you.
The kobold hits you with a +1 whip of venom.
You are more poisoned.
You closely miss the jackal. Your punch misses the jackal.
* * * LOW HITPOINT WARNING * * *
You feel very sick. The jackal barely misses you.
The kobold closely misses you.
You closely miss the kobold.
* * * LOW HITPOINT WARNING * * *
You feel very sick. The jackal barely misses you.
A rat comes into view.
The kobold closely misses you.
Okay, then.
You barely miss the kobold.
* * * LOW HITPOINT WARNING * * *
You feel sick. The jackal completely misses you.
You barely miss the kobold.
You die...

### #.# ...#
########.#### ...###
............# .....
..###.##.##.######...####
..###.#.#.#.#............
.........................
..###.).....#......$.....
..###.......####h#...#.##
...........## #@#.......
#######...## #K#K..#.##
##.## #g#...# # ##### #.#
#J#...# ....# #.# #l....h
###.# #.# #.r####.
###.####.# ....
.........# #...
########## #....


You could see an endoplasm, a jackal, a hobgoblin, a kobold, a frilled lizard
and a rat.

Vanquished Creatures
  A ball python (D:1)
  A hobgoblin (D:1)
  A quokka (D:1)
  A frilled lizard (D:1)
  4 kobolds (D:1)
  A rat (D:1)
9 creatures vanquished.

Notes
Turn   | Place    | Note
-------+----------+-------------------------------------------
     0 | D:1      | purpskrrrp the Human Berserker began the quest for the Orb.
     0 | D:1      | Reached XP level 1. HP: 18/18 MP: 1/1
   401 | D:1      | Reached XP level 2. HP: 23/24 MP: 2/2
   411 | D:1      | HP: 1/36 [poisoned by a kobold]
   412 | D:1      | Succumbed to a kobold's poison

Illustrated notes

Levels and vault maps discovered:
D:1:      saegor_arrival_simple_c, layout_loops_cross

Action                   || total
-------------------------++-------
Melee: Falchion          ||    38
 Fire: Hunting sling     ||     1
Invok: Berserk           ||     1
 Stab: Sleeping          ||     2
Armor: Animal skin       ||     3
Dodge: Dodged            ||    30

Table legend: (Time is in decaauts)
 A = Elapsed time spent in this place.
 B = Non-inter-level travel time spent in this place.
 C = Inter-level travel time spent in this place.
 D = Time resting spent in this place.
 E = Time spent auto-exploring this place.
 F = Levels seen in this place.
 G = Mean time per level.
                   A        B        C        D        E       F      G
               +--------+--------+--------+--------+--------+-----+--------+
         Total |    412 |    401 |     11 |    230 |     84 |   1 |  412.0 |
       Dungeon |    412 |    401 |     11 |    230 |     84 |   1 |  412.0 |
               +--------+--------+--------+--------+--------+-----+--------+

Top non-repeatable levels by time:
     D:1: 412 daAuts
